[Event "Team 45 45 League T71"]
[Site "Internet Chess Club"]
[Date "2017.01.23"]
[Round "6"]
[White "rubo"]
[Black "clarinetref"]
[Result "1-0"]
[WhiteElo "1615"]
[BlackElo "1555"]
[Opening "Modern defense"]
[ECO "A40"]
[Time "20:04:00"]
[TimeControl "2700+45"]

1. d4 g6 2. Nf3 d6 3. Bf4 Bg7 4. e3 Nf6 5. h3 Nbd7 6. Bd3 c6 7. c3 Qb6 8. Qb3
O-O 9. Nbd2 a5 10. O-O a4 11. Qxb6 Nxb6 12. b3 Nfd5 13. Bh2 Nxc3 14. Nc4 Ncd5
15. Nxb6 Nxb6 16. e4 c5 17. e5 Rd8 18. bxa4 Nxa4 19. exd6 exd6 20. Rfe1 Be6 21.
Ng5 Bxd4 22. Nxe6 fxe6 23. Rab1 Nb2 24. Bc2 e5 25. Re4 Rxa2 26. Bb3+ c4 27. Bxa2
Nd3 28. Bxc4+ Kg7 29. Bxd3 b6 {Black resigns} 1-0

[Event "Team 45 45 League T71"]
[Site "Internet Chess Club"]
[Date "2017.01.22"]
[Round "6"]
[White "kutch"]
[Black "nosir"]
[Result "1/2-1/2"]
[WhiteElo "1482"]
[BlackElo "1524"]
[Opening "QGD semi-Slav: Meran, 8...a6"]
[ECO "D48"]
[Time "19:01:02"]
[TimeControl "2700+45"]

1. d4 d5 2. c4 c6 3. e3 Nf6 4. Nc3 e6 5. Nf3 Nbd7 6. Bd3 dxc4 7. Bxc4 b5 8. Bd3
a6 9. Qc2 c5 10. b3 Bb7 11. Bb2 Qc8 12. Ne4 Nxe4 13. Bxe4 Bxe4 14. Qxe4 Nf6 15.
Qd3 cxd4 16. Rc1 Bb4+ 17. Ke2 Qb7 18. Qxd4 Be7 19. Rhd1 O-O 20. Qe5 Rac8 21.
Rxc8 Rxc8 22. Rc1 Rxc1 23. Bxc1 Qd7 24. Bb2 h6 25. Qb8+ Qd8 26. Qxd8+ Bxd8 27.
Bxf6 Bxf6 28. Nd2 Kf8 29. Ne4 Be7 30. Kd3 Ke8 31. Kd4 a5 32. Nc3 Bf6+ 33. Kd3
Bxc3 34. Kxc3 Kd7 35. Kd4 Kd6 36. f4 b4 37. Kc4 Kc6 38. Kd4 f6 39. g4 g6 40. h4
Kd6 41. Kc4 Kc6 42. Kd4 Kd6 43. Kc4 Kc6 44. Kd4 {Game drawn by repetition}
1/2-1/2

[Event "Team 45 45 League T71"]
[Site "Internet Chess Club"]
[Date "2017.01.22"]
[Round "6"]
[White "JRussell2"]
[Black "sdcohle"]
[Result "0-1"]
[WhiteElo "1299"]
[BlackElo "1494"]
[Opening "Queen's pawn game, Darooha variation "]
[ECO "D02"]
[Time "18:00:42"]
[TimeControl "2700+45"]

1. d4 d5 2. Nf3 Nf6 3. g3 Nbd7 4. Bg2 e6 5. b3 c6 6. Bb2 Bd6 7. Nbd2 O-O 8. O-O
Re8 9. Re1 e5 10. dxe5 Nxe5 11. Rc1 Nxf3+ 12. Nxf3 b5 13. c4 Bb7 14. cxb5 cxb5
15. e3 Qe7 16. Nd4 Qd7 17. Qd3 Be5 18. Rc2 Bxd4 19. Qxd4 a6 20. Rce2 Re7 21. Qf4
Rae8 22. Bxf6 gxf6 23. Qxf6 Qe6 24. Qg5+ Kh8 25. Qh5 Qf6 26. Bxd5 Re5 27. Qf3
Qxf3 28. Bxf3 Bxf3 29. Rc2 R5e6 30. Rec1 Kg7 31. Rc5 Rd6 32. Rf5 Rf6 33. Rg5+
Kh8 34. Rc7 Rd8 35. Rc1 Rfd6 36. h4 Rd1+ 37. Rxd1 Rxd1+ 38. Kh2 Rh1# {White
checkmated} 0-1

[Event "Team 45 45 League T71"]
[Site "Internet Chess Club"]
[Date "2017.01.21"]
[Round "6"]
[White "Visin"]
[Black "SeniorCitizen"]
[Result "1-0"]
[WhiteElo "1215"]
[BlackElo "1222"]
[Opening "French: exchange variation"]
[ECO "C01"]
[Time "13:00:34"]
[TimeControl "2700+45"]

1. e4 e6 2. d4 d5 3. exd5 exd5 4. Nf3 Be7 5. Be2 Nf6 6. Nbd2 Bg4 7. c4 Ne4 8. a3
Nxd2 9. Nxd2 dxc4 10. Bxg4 Qxd4 11. O-O O-O 12. Bf3 c6 13. Rb1 Bg5 14. Ne4 Qxd1
15. Rxd1 Be7 16. Be3 Na6 17. Rd7 {Black resigns} 1-0

[Event "Team 45 45 League T71"]
[Site "Internet Chess Club"]
[Date "2017.01.22"]
[Round "6"]
[White "mongmong"]
[Black "Electryon"]
[Result "0-1"]
[WhiteElo "1521"]
[BlackElo "1424"]
[Opening "Queen's pawn game"]
[ECO "D04"]
[Time "10:03:24"]
[TimeControl "2700+45"]

1. d4 d5 2. Nf3 Nf6 3. e3 Bg4 4. c4 e6 5. Nc3 Bb4 6. Qa4+ Nc6 7. Ne5 Bxc3+ 8.
bxc3 dxc4 9. Nxc6 Qd7 10. Qxc4 bxc6 11. Ba3 Nd5 12. Bd3 Nb6 13. Qb3 Qd5 14. O-O
Qg5 15. Qc2 Bf3 16. g3 Qd5 17. Rfe1 h5 18. e4 Qg5 19. Re3 Qg4 20. Bf1 h4 21. h3
hxg3 22. Bg2 gxf2+ 23. Qxf2 Qxg2+ 24. Qxg2 Bxg2 25. Kxg2 Nc4 26. Rg3 Nxa3 27.
Rxg7 Nb5 28. Rf1 Rf8 29. Rf3 Nd6 30. e5 {White resigns} 0-1

[Event "Team 45 45 League T71"]
[Site "Internet Chess Club"]
[Date "2017.01.19"]
[Round "6"]
[White "Aquaman"]
[Black "PsyMar"]
[Result "0-1"]
[WhiteElo "1350"]
[BlackElo "1390"]
[Opening "Dutch"]
[ECO "A80"]
[Time "15:30:10"]
[TimeControl "2700+45"]

1. d4 f5 2. Nf3 Nf6 3. g3 g6 4. Bg2 Bg7 5. O-O d6 6. c3 O-O 7. Nbd2 Nc6 8. Re1
e5 9. dxe5 Nxe5 10. Nxe5 dxe5 11. Qb3+ Rf7 12. Rd1 c6 13. Ne4 Qb6 14. Nxf6+ Bxf6
15. Qxb6 axb6 16. a3 Be6 17. Be3 b5 18. Bh6 g5 19. Rd6 Bc4 20. e3 Be7 21. Rd7
Rb8 22. Rad1 Be6 23. R7d2 Kh8 24. Re1 Rg8 25. f4 gxf4 26. exf4 e4 27. Bg5 Bxg5
28. fxg5 Rxg5 29. Rd8+ Rg8 30. Rxg8+ Kxg8 31. Bf3 Rd7 32. Be2 Rd2 33. Bh5 Rxb2
34. Rd1 Bd5 35. Be8 Kf8 36. Bd7 Ra2 37. Bxf5 Rxa3 38. Rc1 h6 39. h4 Kg7 40. h5
Kf6 41. Bh3 Kg5 42. Bg2 Kxh5 43. Bf1 Bc4 44. Bh3 e3 45. Bg2 Kg4 46. Bf1 Bxf1 47.
Kxf1 Kxg3 48. Ke2 Kf4 49. Rf1+ Ke4 50. Rc1 Ra2+ 51. Ke1 Kd3 52. Kf1 Kd2 53. Re1
Rc2 54. Re2+ Kd3 55. Re1 Rxc3 56. Rd1+ Kc2 57. Re1 Kd3 58. Rd1+ Ke4 59. Re1 Rc2
60. Rd1 e2+ {White resigns} 0-1

[Event "Team 45 45 League T71"]
[Site "Internet Chess Club"]
[Date "2017.01.22"]
[Round "6"]
[White "stantheman59"]
[Black "GiantsFan"]
[Result "1/2-1/2"]
[WhiteElo "1247"]
[BlackElo "1158"]
[Opening "QGD: Ragozin variation"]
[ECO "D38"]
[Time "19:35:08"]
[TimeControl "2700+45"]

1. d4 d5 2. c4 e6 3. Nf3 Nf6 4. Nc3 Bb4 5. Qc2 c6 6. Bg5 Nbd7 7. e3 Qa5 8. Bd3
dxc4 9. Bxc4 Nb6 10. Bxf6 gxf6 11. Bb3 Bd7 12. O-O O-O-O 13. a3 Bxc3 14. bxc3
Qh5 15. Qd1 Rhg8 16. Bc2 Nd5 17. Ne1 Qxd1 18. Rxd1 Nxc3 19. Rd2 c5 20. Bxh7 Rg7
21. Bd3 cxd4 22. exd4 Bc6 23. Rc2 Rdg8 24. g3 Nd5 25. Be4 Rg4 26. Bxd5 exd5 27.
Nf3 Kb8 28. Re2 Bb5 29. Rfe1 Bxe2 30. Rxe2 f5 31. Ne5 Rxd4 32. Nxf7 Rg7 33. Nd6
Rd1+ 34. Kg2 f4 35. Nf5 Rf7 36. Re8+ Kc7 37. Re7+ Rxe7 38. Nxe7 fxg3 39. hxg3 d4
40. Kf3 Re1 41. Nf5 d3 42. Ne3 d2 43. Nd5+ Kd6 44. Nc3 Kc5 45. Ne4+ Kd4 46. Nxd2
a6 47. Nb3+ Kc3 48. Nc5 Ra1 49. Nxb7 Rxa3 50. g4 Rb3 51. Nc5 Rb5 52. Nxa6 Kd4
53. Kf4 Kd3 54. Kg3 Ke4 55. Nc7 Rb3+ 56. f3+ Rxf3+ 57. Kh4 Rf7 58. Ne8 Kf4 59.
Kh5 Rf8 60. Ng7 Rh8+ 61. Kg6 Kxg4 62. Kf7 Rh6 63. Ne6 Kf5 64. Ng7+ Ke5 65. Ne8
Re6 66. Ng7 Rf6+ 67. Kg8 Rg6 68. Kf7 Rxg7+ 69. Kxg7 {Game drawn because neither
player has mating material} 1/2-1/2

[Event "Team 45 45 League T71"]
[Site "Internet Chess Club"]
[Date "2017.01.23"]
[Round "6"]
[White "artspir"]
[Black "chips"]
[Result "1-0"]
[WhiteElo "1204"]
[BlackElo "1195"]
[Opening "Queen's bishop game"]
[ECO "D02"]
[Time "10:34:22"]
[TimeControl "2700+45"]

1. d4 d5 2. Nf3 Nf6 3. Bf4 a6 4. h3 g6 5. Nc3 e6 6. e3 Bg7 7. Bd3 Nbd7 8. O-O c5
9. Nb1 c4 10. Be2 Qb6 11. b3 cxb3 12. axb3 O-O 13. Nbd2 Nh5 14. Bh2 Nhf6 15. c4
dxc4 16. Nxc4 Qd8 17. Qc2 b5 18. Nd6 Nd5 19. Qd2 N5f6 20. Bd3 Ra7 21. Nxc8 Qxc8
22. Bxb5 Qa8 23. Bd3 a5 24. e4 a4 25. bxa4 Rxa4 26. Qb2 Rxa1 27. Rxa1 Qd8 28.
Bd6 Re8 29. Ra7 Qb6 30. Qxb6 Nxb6 31. Ne5 Nbd7 32. Nxd7 Rc8 33. Nxf6+ Bxf6 34.
e5 Bg7 35. Bb5 Bh6 36. Ba3 Bc1 37. Bd7 Rc3 38. Ra8+ Kg7 39. Bf8+ Kg8 40. Bb4+
{Black resigns} 1-0

[Event "Team 45 45 League T71"]
[Site "Internet Chess Club"]
[Date "2017.01.22"]
[Round "6"]
[White "drsigmund1"]
[Black "princevultan2"]
[Result "1-0"]
[WhiteElo "1421"]
[BlackElo "1256"]
[Opening "Queen's pawn, Mason variation"]
[ECO "D00"]
[Time "16:12:34"]
[TimeControl "2700+45"]

1. d4 d5 2. Bf4 Nf6 3. e3 e6 4. Nf3 c5 5. c3 Nc6 6. Bd3 Be7 7. h3 O-O 8. Nbd2 b6
9. O-O h6 10. e4 dxe4 11. Nxe4 Nxe4 12. Bxe4 Bb7 13. Qa4 Bd6 14. Be3 Qd7 15.
Rfd1 f5 16. dxc5 bxc5 17. Bxc5 fxe4 18. Rxd6 Qc8 19. Nd4 Nxd4 20. Qxd4 Rd8 21.
Rd1 Rxd6 22. Qxd6 Bd5 23. Bd4 Qb7 24. b3 Kf7 25. Qf4+ Kg8 26. Qe5 Rf8 27. c4 Bc6
28. Qxe6+ Kh8 29. Qxh6+ Kg8 30. Bxg7 Qxg7 31. Qxc6 Qb2 32. Qd5+ Kh8 33. Qd4+
Qxd4 34. Rxd4 Re8 35. Kf1 e3 36. fxe3 Rxe3 37. Rd8+ Kh7 38. Rd7+ Kh6 39. Rxa7
Rc3 40. Ra5 Kg6 41. c5 Kf5 42. c6+ Ke4 43. Ra4+ Ke3 44. Rc4 Rd3 45. Rc1 Rd6 46.
Kg1 Rd8 47. c7 Rc8 48. b4 Kd4 49. b5 Kd5 50. b6 Kd6 51. b7 Rxc7 52. b8=Q Ke5 53.
Qxc7+ Kf6 54. Qa5 Ke6 55. Rc6+ Kd7 56. Qd5+ Ke7 57. Qe6+ Kf8 58. Qd7 Kg8 59.
Rc8# {Black checkmated} 1-0

[Event "Team 45 45 League T71"]
[Site "Internet Chess Club"]
[Date "2017.01.18"]
[Round "6"]
[White "carey69"]
[Black "dabodhi"]
[Result "1-0"]
[WhiteElo "1048"]
[BlackElo "1313"]
[Opening "Scandinavian (center counter) defense"]
[ECO "B01"]
[Time "20:01:12"]
[TimeControl "2700+45"]

1. e4 d5 2. Nc3 dxe4 3. Nxe4 Bf5 4. Bd3 Qd5 5. Qf3 e6 6. Nc3 Qxf3 7. Nxf3 Bxd3
8. cxd3 c6 9. b3 Na6 10. Ne4 Nb4 11. Ke2 O-O-O 12. Bb2 Nxd3 13. Bd4 Nf4+ 14. Kf1
Kb8 15. Be5+ Kc8 16. Bxf4 f6 17. Be3 Kb8 18. Ke2 Bb4 19. Rhd1 Ne7 20. Nd4 Nd5
21. Nxe6 Rd7 22. f4 g6 23. a3 Be7 24. Kf3 h6 25. Bd4 Rg8 26. g3 f5 27. N4c5 Bxc5
28. Nxc5 Rf7 29. Rac1 g5 30. Re1 gxf4 31. Be5+ Kc8 32. gxf4 Rg4 33. Ne4 Kd7 34.
Nd6 Rf8 35. Nxb7 Rfg8 36. Bd4 Rxf4+ 37. Ke2 Rxd4 38. Nc5+ Kc8 39. Kd1 Ne3+ 40.
Rxe3 Rg1+ 41. Kc2 Rg2 42. Re8+ Kc7 43. Ne6+ Kb6 44. Nxd4 {Black resigns} 1-0

[Event "Team 45 45 League T71"]
[Site "Internet Chess Club"]
[Date "2017.01.23"]
[Round "6"]
[White "Just-Jim"]
[Black "vedv"]
[Result "1-0"]
[WhiteElo "1298"]
[BlackElo "946"]
[Opening "Two knights defense"]
[ECO "C57"]
[Time "17:30:27"]
[TimeControl "2700+45"]

1. e4 e5 2. Nf3 Nc6 3. Bc4 Nf6 4. Ng5 d5 5. exd5 Nxd5 6. d3 f6 7. Nf3 Bf5 8. h3
Bc5 9. O-O O-O 10. Nc3 Be6 11. a3 Re8 12. Re1 a6 13. Nxd5 Bxd5 14. b4 Bd4 15.
Nxd4 exd4 16. Rxe8+ Qxe8 17. Bxd5+ Kf8 18. Bxc6 Qxc6 19. Bb2 Rd8 20. Qg4 Re8 21.
Bxd4 Qxc2 22. Bc5+ Kg8 23. Qd7 Ra8 24. Re1 h6 25. Re8+ Rxe8 26. Qxe8+ Kh7 27.
Qe4+ g6 28. Bf8 Qc1+ 29. Kh2 h5 30. Qe7+ Kh8 31. Qg7# {Black checkmated} 1-0

[Event "Team 45 45 League T71"]
[Site "Internet Chess Club"]
[Date "2017.01.19"]
[Round "6"]
[White "Rbug"]
[Black "Xbug"]
[Result "0-1"]
[WhiteElo "1047"]
[BlackElo "1118"]
[Opening "Sicilian: Pelikan (Lasker/Sveshnikov) variation"]
[ECO "B33"]
[Time "17:34:20"]
[TimeControl "2700+45"]

1. e4 c5 2. Nf3 Nc6 3. d4 cxd4 4. Nxd4 Nf6 5. Nc3 e5 6. Nf3 Bb4 7. Bd2 Bxc3 8.
Bxc3 Nxe4 9. Qd5 Nf6 10. Qb3 O-O 11. Nxe5 Nxe5 12. Bxe5 Re8 13. Qc3 d6 14. Be2
Rxe5 15. Rd1 Qe7 16. Rd2 Bg4 17. f3 Re8 18. Qd3 Bf5 19. Qc4 d5 20. Qb5 a6 21.
Qb3 Rxe2+ 22. Kd1 Re1+ {White resigns} 0-1

[Event "Team 45 45 League T71"]
[Site "Internet Chess Club"]
[Date "2017.01.28"]
[Round "6"]
[White "SeniorCitizen"]
[Black "tasawyer81"]
[Result "1-0"]
[WhiteElo "1227"]
[BlackElo "1161"]
[Opening "French: advance variation"]
[ECO "C02"]
[Time "10:00:20"]
[TimeControl "2700+45"]

1. e4 e6 2. d4 d5 3. e5 Nc6 4. Nf3 Bd7 5. c3 Qe7 6. Bd3 O-O-O 7. O-O f6 8. Re1
h6 9. Nh4 g5 10. Ng6 Qg7 11. Nxh8 Qxh8 12. Be3 fxe5 13. dxe5 Nxe5 14. Bd4 Bg7
15. Bxe5 Bxe5 16. Qe2 Bd6 17. Nd2 e5 18. Nb3 a6 19. Bxa6 {Black resigns} 1-0

[Event "Team 45 45 League T71"]
[Site "Internet Chess Club"]
[Date "2017.01.23"]
[Round "6"]
[White "WzeroMN"]
[Black "oldbookseller"]
[Result "1-0"]
[WhiteElo "1135"]
[BlackElo "1002"]
[Opening "Ruy Lopez: Berlin defense, Beverwijk variation"]
[ECO "C65"]
[Time "14:04:37"]
[TimeControl "2700+45"]

1. e4 e5 2. Nf3 Nc6 3. Bb5 Nf6 4. O-O Bc5 5. h3 Kf8 6. Bxc6 dxc6 7. Re1 Qd7 8.
Nxe5 Qe6 9. d4 Bb6 10. Nf3 Ke7 11. Bg5 Rd8 12. e5 Kf8 13. exf6 gxf6 14. Rxe6
fxe6 15. Bh6+ Kf7 16. Qd3 Rg8 17. Qxh7+ {Black resigns} 1-0

[Event "Team 45 45 League T71"]
[Site "Internet Chess Club"]
[Date "2017.01.19"]
[Round "6"]
[White "vael"]
[Black "Agarnez"]
[Result "1-0"]
[WhiteElo "1986"]
[BlackElo "1956"]
[Opening "Ruy Lopez: Cozio defense"]
[ECO "C60"]
[Time "14:01:09"]
[TimeControl "2700+45"]

1. e4 e5 2. Nf3 Nc6 3. Bb5 Nge7 4. O-O Ng6 5. c3 d6 6. d4 Bd7 7. d5 Nce7 8.
Bxd7+ Qxd7 9. c4 h6 10. Nc3 f5 11. b4 fxe4 12. Nxe4 Nf5 13. a4 Rd8 14. Be3 Nxe3
15. fxe3 Be7 16. Nd4 Nf8 17. Qh5+ g6 18. Rxf8+ Rxf8 19. Qxg6+ Rf7 20. Rf1 Bg5
21. Qg8+ {Black resigns} 1-0

[Event "Team 45 45 League T71"]
[Site "Internet Chess Club"]
[Date "2017.01.19"]
[Round "6"]
[White "backrankbrawler"]
[Black "ChessRooklift"]
[Result "1-0"]
[WhiteElo "1799"]
[BlackElo "1753"]
[Opening "Queen's pawn game"]
[ECO "D04"]
[Time "21:00:45"]
[TimeControl "2700+45"]

1. d4 Nf6 2. Nf3 d5 3. e3 c6 4. Nbd2 Bg4 5. h3 Bh5 6. g4 Bg6 7. Ne5 e6 8. h4 Be7
9. h5 Be4 10. f3 Nxh5 11. gxh5 Bh4+ 12. Ke2 Bf5 13. Bh3 g5 14. Bxf5 exf5 15. Qg1
f6 16. Nd3 Kf7 17. f4 Rg8 18. Qh2 Qe7 19. Nf3 Nd7 20. Bd2 Rae8 21. Nxh4 gxh4 22.
Rag1 Qe4 23. Rxg8 Rxg8 24. Rg1 Nf8 25. Rxg8 Kxg8 26. Kf2 Kf7 27. Qxh4 b6 28. Qh3
Ne6 29. Qf3 Kg7 30. Bb4 a5 31. Be7 Kf7 32. Bd6 Ng7 33. h6 Qxf3+ 34. Kxf3 Ne8 35.
Bb8 Kg6 36. Ba7 Kxh6 37. Bxb6 a4 38. a3 Nd6 39. Nc5 Kg6 40. Bc7 Ne8 41. Ba5 h5
42. Be1 Nd6 43. Nxa4 Nc4 44. Bc3 h4 45. Be1 Kh5 46. Bf2 Nd2+ 47. Kg2 Kg4 48.
Bxh4 Kxh4 49. Nc5 Nc4 50. Nd3 Nxe3+ 51. Kf3 Nxc2 52. Nb4 Nxd4+ 53. Ke3 Ne6 54.
Nxc6 Kg3 55. a4 Nxf4 56. Nd4 Kg4 57. a5 Ng6 58. a6 Ne5 59. a7 Nc4+ 60. Kf2 Nb6
61. Ne6 Na8 62. b4 d4 63. b5 d3 64. Nc7 d2 65. Ke2 f4 66. Nxa8 Kg3 67. Nc7 f3+
68. Kxd2 {Black resigns} 1-0

[Event "Team 45 45 League T71"]
[Site "Internet Chess Club"]
[Date "2017.01.28"]
[Round "6"]
[White "alexping"]
[Black "Percival"]
[Result "0-1"]
[WhiteElo "1931"]
[BlackElo "2064"]
[Opening "Queen's pawn game"]
[ECO "D02"]
[Time "07:01:51"]
[TimeControl "2700+45"]

1. d4 d5 2. Nf3 c6 3. Bg5 h6 4. Bh4 Bf5 5. c3 Nd7 6. Qb3 Qb6 7. Nbd2 Ngf6 8. e3
e6 9. Bg3 Be7 10. Be2 O-O 11. O-O Qxb3 12. axb3 a6 13. h3 Ne4 14. Nxe4 Bxe4 15.
Nd2 Bg6 16. b4 Nf6 17. Nb3 Rad8 18. Rfc1 Rfe8 19. Na5 Rd7 20. f3 Bd8 21. Nb3 Bb6
22. Nc5 Bxc5 23. bxc5 Rdd8 24. Ra3 Re7 25. Rb3 Ne8 26. Kf2 f6 27. Ke1 e5 28. Kd2
e4 29. f4 f5 30. Bh4 Nf6 31. c4 dxc4 32. Bxc4+ Bf7 33. g4 fxg4 34. hxg4 Bxc4 35.
Rxc4 Rdd7 36. g5 hxg5 37. Bxg5 Rf7 38. Rc1 Nd5 39. Rg1 g6 40. Bh4 Kg7 41. Rg5
Rf8 42. Re5 Rh8 43. Bg5 Rh2+ 44. Ke1 Nf6 45. Bxf6+ Kxf6 46. Rxe4 Rdh7 47. Kf1
Rc2 48. Kg1 Rhh2 49. Rd3 Rxb2 50. Re5 Rhc2 51. Rd1 a5 52. d5 cxd5 53. Rexd5 a4
54. R5d3 Kf5 55. Ra3 Ke4 56. Rxa4+ Kf3 {White resigns} 0-1

[Event "Team 45 45 League T71"]
[Site "Internet Chess Club"]
[Date "2017.01.23"]
[Round "6"]
[White "LinceHispano44"]
[Black "bobhill"]
[Result "1-0"]
[WhiteElo "1800"]
[BlackElo "1877"]
[Opening "QGD: Charousek (Petrosian) variation"]
[ECO "D31"]
[Time "11:08:06"]
[TimeControl "2700+45"]

1. d4 d5 2. c4 e6 3. Nc3 Be7 4. Nf3 Nf6 5. cxd5 exd5 6. Bg5 O-O 7. e3 h6 8. Bh4
c6 9. Qc2 Re8 10. Bd3 Nbd7 11. O-O a6 12. a4 Ng4 13. Bg3 Nf8 14. h3 Nf6 15. a5
Be6 16. Qb3 Qc8 17. Na4 N8d7 18. Rfc1 Ne4 19. Ne5 Bd8 20. Nxd7 Qxd7 21. Nc5 Nxc5
22. Rxc5 Be7 23. Rcc1 Bg5 24. Qc2 f5 25. Be5 Rf8 26. f4 Be7 27. Kh1 Rac8 28. Rg1
Bf6 29. b4 Bxe5 30. fxe5 f4 31. exf4 Rxf4 32. Qd2 Rcf8 33. Rgf1 Qf7 34. g3 Rf2
35. Qxf2 Qxf2 36. Rxf2 Rxf2 37. g4 Rd2 38. Ra3 Kf7 39. Rb3 Ke7 40. Kg1 Kd8 41.
Kf1 Ke7 42. Ke1 Rh2 43. Bf5 Rh1+ 44. Ke2 Rc1 45. Kd2 Rf1 46. Ke2 Ra1 47. Kd2
Ra2+ 48. Bc2 Bf7 49. Kc3 h5 50. Rb2 Rxb2 51. Kxb2 h4 52. Kc3 Kd8 53. Bf5 g6 54.
Bd3 Be6 55. Be2 Kc7 56. Kd2 Bc8 57. Ke3 g5 58. Kd2 b6 59. axb6+ Kxb6 60. Ke3 a5
61. bxa5+ Kxa5 62. Bd3 Kb6 63. Bf5 Ba6 64. e6 c5 65. e7 Bb5 66. Bg6 c4 67. e8=Q
Bxe8 68. Bxe8 Kc7 69. Kd2 Kd6 70. Kc3 Ke7 71. Ba4 Ke6 72. Kb4 Kd6 73. Kb5 Ke6
74. Kc5 c3 75. Bc2 Ke7 76. Kxd5 Kf7 77. Ke5 Kg7 78. Kf5 Kh6 79. d5 Kg7 80. Kxg5
Kf7 81. Kh6 Ke7 82. g5 Kf8 83. Kh7 {Black resigns} 1-0

[Event "Team 45 45 League T71"]
[Site "Internet Chess Club"]
[Date "2017.01.20"]
[Round "6"]
[White "Beetlejuice"]
[Black "KidRattler"]
[Result "0-1"]
[WhiteElo "1755"]
[BlackElo "1598"]
[Opening "Catalan opening"]
[ECO "E00"]
[Time "14:39:19"]
[TimeControl "2700+45"]

1. d4 Nf6 2. c4 e6 3. g3 Bb4+ 4. Bd2 Bxd2+ 5. Qxd2 Nc6 6. Nf3 d5 7. b3 Ne4 8.
Qc2 Qf6 9. Qd1 O-O 10. Bg2 Rd8 11. e3 b6 12. O-O Ba6 13. Qc1 Ne7 14. Nbd2 Nxd2
15. Nxd2 c6 16. Qc2 Nf5 17. Rfd1 h5 18. Rac1 Rac8 19. b4 Rc7 20. Qa4 Bc8 21. Rc2
Bd7 22. Qa3 Rb7 23. Rdc1 g5 24. Nf3 g4 25. Ne5 Be8 26. cxd5 cxd5 27. Rc7 Rxc7
28. Rxc7 Nd6 29. Qxa7 Nb5 30. Qxb6 Nxc7 31. Qxc7 Ra8 32. Qc2 Qe7 33. Qb2 Qa7 34.
e4 Qxa2 35. Qxa2 Rxa2 36. exd5 Ra1+ 37. Bf1 Bb5 {White resigns} 0-1

[Event "Team 45 45 League T71 u"]
[Site "Internet Chess Club"]
[Date "2017.01.22"]
[Round "6"]
[White "arnav07"]
[Black "ascoli"]
[Result "0-1"]
[WhiteElo "1533"]
[BlackElo "1595"]
[Opening "Sicilian: dragon, classical, Richter variation"]
[ECO "B73"]
[Time "12:55:05"]
[TimeControl "2700+45"]

1. e4 c5 2. Nf3 d6 3. d4 cxd4 4. Nxd4 Nf6 5. Nc3 g6 6. Be2 Bg7 7. O-O O-O 8. Be3
Nc6 9. Qd2 Bg4 10. f3 Bd7 11. Rad1 Rc8 12. Bh6 Nxd4 13. Bxg7 Nxe2+ 14. Qxe2 Kxg7
15. f4 Bg4 16. Qe3 Bxd1 17. Rxd1 Qb6 18. Qxb6 axb6 19. Kf1 Rc6 20. h3 Rfc8 21.
e5 dxe5 22. fxe5 Ne8 23. Rd7 R6c7 24. Rd1 e6 25. Ke2 Rc5 {White resigns} 0-1